 Dungeon Crawl Stone Soup version 0.25-a0-420-g1cc7eeb0d1 (webtiles) character file.

Game seed: 7424781565081661510, levelgen mode: deterministic

61 Kohma the Distorting Demonspawn (level 3, -3/29 HPs)
             Began as a Demonspawn Abyssal Knight on Jan 18, 2020.
             Was a Believer of Lugonu.
             Slain by an ogre
             ... wielding a +0 giant spiked club
              (12 damage)
             ... on level 2 of the Dungeon.
             The game lasted 00:02:53 (1064 turns).

Kohma the Distorting Demonspawn (DsAK)              Turns: 1064, Time: 00:02:53

Health: -3/29      AC:  5    Str: 13    XL:     3   Next: 83%
Magic:  6/6        EV: 10    Int: 13    God:    Lugonu [**....]
Gold:   53         SH:  0    Dex: 12    Spells: 2/2 levels left

rFire    . . .     SeeInvis .   a - +2 falchion
rCold    . . .     Gourm    .   (no shield)
rNeg     . . .     Faith    .   i - +0 ring mail
rPois    .         Spirit   .   (no helmet)
rElec    .         Reflect  .   (no cloak)
rCorr    .         Harm     .   (no gloves)
MR       .....                  (no boots)
Stlth    +.........             (no amulet)
HPRegen  0.09/turn              (no ring)
MPRegen  0.10/turn              (no ring)

@: no status effects
A: talons 1, rot immunity
a: Depart the Abyss, Bend Space, Renounce Religion


You were on level 2 of the Dungeon.
You worshipped Lugonu.
Lugonu was pleased with you.
You were hungry.

You visited 1 branch of the dungeon, and saw 2 of its levels.
You visited the Abyss 1 time.

You collected 53 gold pieces.

Inventory:

Hand Weapons
 a - a +2 falchion (weapon)
Armour
 i - a +0 ring mail (worn)
Jewellery
 l - an uncursed ring of protection from magic {unknown}
Scrolls
 e - a scroll of fog
 g - a scroll of teleportation {unknown}
 h - a scroll of random uselessness {unknown}
 j - 2 scrolls of identify {unknown}
 k - a scroll of enchant armour {unknown}
 m - a scroll of remove curse {unknown}
 n - a scroll of immolation {unknown}
Potions
 b - a potion of degeneration {unknown}
Comestibles
 c - 3 rations


   Skills:
 + Level 3.4 Fighting
 * Level 2.7 Long Blades
 - Level 1.7 Armour
 - Level 0.8 Dodging
 * Level 4.0 Invocations


You had 2 spell levels left.
You didn't know any spells.
Your spell library was empty.

Dungeon Overview and Level Annotations

Branches:
Dungeon (2/15)

Altars:


Innate Abilities, Weirdness & Mutations

You have sharp toenails.
You are immune to rotting.


Message History

You hit the ogre.
The ogre is lightly wounded.
The ogre barely misses you.
You completely miss the ogre. You claw the ogre.
The ogre is moderately wounded.
The ogre hits you with a +0 giant spiked club!!
Ouch! That really hurt!
You hit the ogre. You claw the ogre.
The ogre is severely wounded.
You hit the ogre but do no damage.
The ogre is severely wounded.
The ogre barely misses you.
You hit the ogre. You claw the ogre, but do no damage.
The ogre is severely wounded.
The ogre closely misses you.
You barely miss the ogre. You claw the ogre.
The ogre is almost dead.
A jackal comes into view.
The ogre hits you with a +0 giant spiked club!
You die...

#.............
#.#.......##.# #
#..#.....###.##.#
....#......O.O.....
#######.........##
###b.....##
#.###..#
#.#########h# #..#
#.......@Ob.# #..#
#.########### #..#
#######..#
>........#
#######.## #.#
####### #.# #......
#.###.##### #..<..#


You could see an ogre, a jackal (wandering) and a bat.

Vanquished Creatures
  2 gnolls (D:2)
  An adder (D:2)
  An ooze (D:2)
  A dart slug (D:2)
  2 leopard geckos (D:1)
  3 goblins (D:1)
  4 hobgoblins (D:1)
  3 jackals
  A quokka (D:2)
  2 bats (D:1)
  A frilled lizard (D:1)
  2 kobolds
  A rat (D:2)
24 creatures vanquished.

Notes
Turn   | Place    | Note
-------+----------+-------------------------------------------
     0 | Abyss:1  | Kohma the Demonspawn Abyssal Knight began the quest for the
                  | Orb.
     0 | Abyss:1  | Reached XP level 1. HP: 18/18 MP: 2/2
    21 | D:1      | Escaped the Abyss
   207 | D:1      | Gained mutation: You are immune to rotting. [demonic
                  | ancestry]
   207 | D:1      | Reached XP level 2. HP: 24/24 MP: 4/4
   282 | D:1      | Reached skill level 3 in Invocations
   673 | D:2      | Noticed an ogre
   765 | D:2      | Gained mutation: You have sharp toenails. [demonic
                  | ancestry]
   765 | D:2      | Reached XP level 3. HP: 27/29 MP: 5/5
   770 | D:2      | Found a faded altar of an unknown god.
   788 | D:2      | Reached ** piety under Lugonu
   804 | D:2      | Reached skill level 4 in Invocations
  1064 | D:2      | Slain by an ogre

Levels and vault maps discovered:
D:1:      saegor_arrival_miasma, layout_basic
D:2:      layout_loops_ring, chequers_ecumenical_altar_simple_redux,
          first_ration, minmay_pentomino_v2

Skill      XL: |  1  2  3 |
---------------+----------+-----
Long Blades    | 2 |  2.7
Invocations    | 3 4 |  4.0
Fighting       | |  3.4
Armour         | |  1.7
Dodging        | |  0.8

Action                   || total
-------------------------++-------
Melee: Falchion          ||    62
       Kick              ||     8
  Use: Scroll            ||     2
Armor: Leather armour    ||     2
       Ring mail         ||    21
Dodge: Dodged            ||    52
       Rpst.: Falchion   ||    23

Table legend:
 A = Non-vault XP
 B = Vault XP
 C = Vault XP percentage of total XP
 D = Non-vault monster count
 E = Vault monster count
 F = Vault count percentage of total count
                 A         B        C        D         E       F
            +---------+---------+-------+---------+---------+-------
      Total |      88 |       0 |   0.0 |      24 |       0 |   0.0
            +---------+---------+-------+---------+---------+-------
        D:1 |      28 |       0 |   0.0 |      15 |       0 |   0.0
        D:2 |      60 |       0 |   0.0 |       9 |       0 |   0.0
            +---------+---------+-------+---------+---------+-------
